 Dungeon Crawl Stone Soup version 0.29.1-12-g30fa7ad0bf (webtiles) character file.

Game seed: 14694163886426628661

181 LustLizard the Chopper (level 5, -2/47 HPs)
             Began as a Minotaur Monk on Jan 6, 2023.
             Killed by nerve-wracking pain
             ... invoked by Grinder
              (10 damage)
             ... while paralysed by Grinder
             ... on level 3 of the Dungeon.
             The game lasted 00:05:03 (3816 turns).

LustLizard the Chopper (Minotaur Monk)              Turns: 3816, Time: 00:05:04

Health: -2/47      AC:  5    Str: 18    XL:     5   Next: 34%
Magic:  4/4        EV:  2    Int:  7    God:
Gold:   190        SH:  0    Dex: 12    Spells: 4/4 levels left

rFire   . . .      SeeInvis .   a - +0 hand axe
rCold   . . .      Faith    .   (no shield)
rNeg    . . .      Spirit   .   k - +0 ring mail
rPois   .          Reflect  .   (helmet restricted)
rElec   .          Harm     .   (no cloak)
rCorr   .          Rampage  .   (no gloves)
Will    .....                   (no boots)
Stlth   +.........              (no amulet)
HPRegen 0.15/turn               (no ring)
MPRegen 0.09/turn               (no ring)

@: paralysed
A: horns 2, retaliatory headbutt
a: no special abilities


You were on level 3 of the Dungeon.
You visited 1 branch of the dungeon, and saw 3 of its levels.

You collected 190 gold pieces.

Inventory:

Hand Weapons
 a - a +0 hand axe (weapon)
Missiles
 g - 10 stones (quivered)
Armour
 b - a +0 robe
 k - a +0 ring mail (worn)
Scrolls
 h - 2 scrolls of magic mapping {unknown}
 j - a scroll of identify {unknown}
 l - a scroll of fear {unknown}
 n - a scroll of teleportation {unknown}
Potions
 c - 2 potions of ambrosia
 d - 2 potions of curing {unknown}
 e - 2 potions of degeneration {unknown}
 f - 3 potions of flight {unknown}
 i - a potion of brilliance {unknown}
 m - a potion of might {unknown}


   Skills:
 + Level 4.8 Fighting
 * Level 5.9 Axes
 + Level 2.0 Throwing
 - Level 3.2 Dodging
 - Level 1.5 Stealth


You had 4 spell levels left.
You didn't know any spells.
Your spell library contained the following spells:

 Spells                   Type           Power      Damage    Failure   Level
 Dispersal                Tloc           0%         N/A       100%        6
 Disjunction              Tloc           0%         N/A       100%        8


Dungeon Overview and Level Annotations

Branches:
Dungeon (3/15)

Altars:
Lugonu

Portals:
Abyss: D:1

Annotations:
D:1 2 runed translucent doors
D:3 Grinder


Innate Abilities, Weirdness & Mutations

You have a pair of horns on your head.
You reflexively headbutt those who attack you in melee.


Message History

You slash the bat!
You kill the bat!
You slash Grinder!
Grinder is lightly wounded.
Grinder barely misses you.
You closely miss Grinder.
Grinder is lightly wounded.
Grinder completely misses you. You furiously retaliate!
You headbutt Grinder. You closely miss Grinder.
Grinder is moderately wounded.
Grinder gestures at you. Pain shoots through your body!
You completely miss Grinder.
Grinder is moderately wounded.
Grinder hits you!
You writhe in agony.
You hit Grinder.
Grinder is moderately wounded.
Grinder closely misses you.
You hit Grinder.
Grinder is heavily wounded.
Grinder says, "There's only one good use for a tongue: cutting it out."
Grinder barely misses you. You furiously retaliate!
You headbutt Grinder! You hit Grinder but do no damage.
Grinder is severely wounded.
Grinder grins, showing sharp teeth.
Grinder barely misses you.
You hit Grinder.
Grinder is severely wounded.
Grinder hits you.
You writhe in agony.
You hit Grinder.
Grinder is severely wounded.
Grinder gestures at you.
You suddenly lose the ability to move!
Grinder hits you.
* * * LOW HITPOINT WARNING * * *
You writhe in agony.
* * * LOW HITPOINT WARNING * * *
Grinder gestures at you. Pain shoots through your body!
You die...

###### #.....
#############.###.
#.............# #.
#@############# #.
#5# ##.####. ...
........ ...##
.......# ....#
##...... $....#
#.###.# #.....# #
#.. #.....# #..
#..


You could see Grinder.

Vanquished Creatures
  A phantom (D:3)
  4 gnolls (D:2)
  2 adders
  3 dart slugs
  An orc (D:3)
  6 ball pythons
  4 endoplasms
  A giant cockroach (D:2)
  5 goblins
  A hobgoblin (D:2)
  4 jackals (D:2)
  3 kobolds
  6 bats
  2 frilled lizards
  3 rats
46 creatures vanquished.

Notes
Turn   | Place    | Note
-------+----------+-------------------------------------------
     0 | D:1      | LustLizard the Minotaur Monk began the quest for the Orb.
     0 | D:1      | Reached XP level 1. HP: 19/19 MP: 0/0
    79 | D:1      | Reached skill level 4 in Axes
   183 | D:1      | Found a large runed translucent door.
   183 | D:1      | Found a large runed translucent door.
   191 | D:1      | Reached XP level 2. HP: 22/27 MP: 1/1
   257 | D:1      | Found a one-way gate to the infinite horrors of the Abyss.
   257 | D:1      | Found a corrupted altar of Lugonu.
   257 | D:1      | Noticed a crimson imp
   257 | D:1      | Noticed a crimson imp
   258 | D:1      | Noticed a crimson imp
   662 | D:1      | Found a faded altar of an unknown god.
  1242 | D:2      | Reached XP level 3. HP: 24/33 MP: 2/2
  1989 | D:2      | Reached skill level 5 in Axes
  1989 | D:2      | Reached skill level 1 in Throwing
  3031 | D:2      | Reached XP level 4. HP: 20/41 MP: 3/3
  3487 | D:3      | Noticed a phantom
  3505 | D:3      | Killed a phantom
  3506 | D:3      | Reached XP level 5. HP: 20/47 MP: 4/4
  3802 | D:3      | Noticed Grinder
  3814 | D:3      | Paralysed by Grinder for 3 turns
  3816 | D:3      | Killed from afar by Grinder

Illustrated notes

Levels and vault maps discovered:
D:1:      erik_arrival_cave_to_civilisation [erik_arrival_cave_to_temple],
          layout_loops_ring, ebering_ecumenical_altar_sacrificial,
          serial_forest, infiniplex_forest_corner_2,
          infiniplex_forest_clump_curved, infiniplex_forest_straight_4,
          infiniplex_forest_end_1, infiniplex_forest_lined_ring,
          infiniplex_forest_clump_curved, infiniplex_forest_lined_ring
D:2:      layout_basic, nrook_mini_backslash, minmay_heptomino_o4
D:3:      layout_basic, nicolae_gozag_seed_capital, uniq_grinder

Skill      XL: |  1  2  3  4  5 |
---------------+----------------+-----
Axes           | 4 5 |  5.9
Fighting       | 4 |  4.8
Throwing       | 1 2 |  2.0
Dodging        | |  3.2
Stealth        | |  1.5

Action                   |  1- 3 |  4- 6 || total
-------------------------+-------+-------++-------
Melee: Hand axe          |    84 |    52 ||   136
       Headbutt          |    10 |     7 ||    17
Throw: Stone             |     9 |     8 ||    17
 Stab: Sleeping          |     4 |       ||     4
Armor: Robe              |     9 |       ||     9
       Ring mail         |     7 |    13 ||    20
Dodge: Dodged            |    64 |    18 ||    82
